Map: Canyon of Tribulation

Players

Faust - Winner!

  • Race: Zerg Zerg
  • League: Diamond
  • Spawn Location: 12:00

Throwfordays - Winner!

  • Race: Protoss Protoss
  • League: Silver
  • Spawn Location: 12:00

Cthulhu - Winner!

  • Race: Terran Terran
  • Spawn Location: 3:00

DARKOS

  • Race: Terran Terran
  • Spawn Location: 7:00

kevkanpai

  • Race: Protoss Protoss
  • Spawn Location: 6:00

Matador

  • Race: Zerg Zerg
  • League: Diamond
  • Spawn Location: 6:00

VOD

Have the link to the VOD?

Description

Time

  • Played on: March 28, 2019, 11:21 p.m.
  • Length: 16:40
Show
View Real Time Build Order
Export as new Build Order

Faust Zerg - Winner!

Build Orders: Hatch First 

Get SALT Encoding   

  12  0:01  Drone  
  13  0:08  Drone  
  14  0:15  Extractor  
  14  0:16  Drone  
  15  0:23  Overlord  
  15  0:42  Drone x2  
  17  0:55  Hatchery  
  16  0:58  Drone  
  17  1:05  Extractor, Drone  
  17  1:19  Spawning Pool  
  17  1:23  Drone  
  17  1:27  Drone  
  17  1:28  Drone  
  19  1:42  Overlord  
  19  2:08  Metabolic Boost  
  19  2:09  Queen x2  
  19  2:11  Drone  
  19  2:13  Drone  
  25  2:15  Drone  
  25  2:19  Drone  
  25  2:22  Drone  
  28  2:30  Baneling Nest  
  28  2:33  Drone  
  28  2:43  Drone x3  
  31  2:48  Overlord  
  31  2:59  Overlord  
  31  3:00  Zergling x2  
  33  3:12  Zergling x2  
  33  3:13  Zergling x4  
  33  3:17  Lair  
  33  3:18  Zergling x2  
  36  3:20  Drone x3  
  39  3:37  Overlord  
  39  3:38  Hatchery  
  39  3:41  Drone x2  
  40  3:56  Drone x4  
  40  4:01  Extractor, Drone  
  40  4:02  Drone x3  
  47  4:03  Drone  
  47  4:04  Drone  
  47  4:09  Extractor  
  47  4:26  Zergling x10  
  51  4:34  Zergling x2  
  51  4:37  Overlord x2  
  49  4:42  Spire  
  48  4:48  Drone  
  48  4:51  Drone  
  48  4:52  Extractor, Drone x2  
  51  4:53  Overlord  
  51  5:03  Baneling  
  51  5:04  Baneling  
  51  5:09  Drone x3  
  51  5:10  Drone  
  51  5:11  Queen, Drone x4  
  51  5:13  Drone x3  
  51  5:14  Drone  
  65  5:16  Extractor  
  65  5:17  Extractor  
  61  5:39  Drone x3  
  61  5:40  Drone x3  
  67  5:49  Hatchery  
  63  6:04  Baneling  
  63  6:11  Mutalisk x6  
  63  6:12  Mutalisk x2  
  63  6:15  Zerg Flyer Weapons Level 1  
  79  6:19  Drone x2  
  79  6:22  Overlord x5  
  79  6:23  Overlord x2  
  81  6:38  Spore Crawler  
  80  6:41  Spore Crawler  
  80  6:42  Spore Crawler  
  80  6:43  Drone x2  
  80  6:44  Spore Crawler, Drone x2  
  81  6:48  Drone x5  
  81  6:49  Drone x3  
  81  6:50  Drone  
  90  6:58  Mutalisk x2  
  90  6:59  Mutalisk  
  96  7:02  Mutalisk  
  96  7:05  Mutalisk  
  100  7:11  Burrow  
  100  7:23  Extractor  
  100  7:24  Drone x3  
  100  7:25  Drone x3  
  100  7:26  Extractor  
  100  7:28  Mutalisk x5  
  114  7:39  Infestation Pit  
  114  7:40  Drone x5  
  114  7:41  Drone x3, Overlord  
  119  8:18  Mutalisk x9  
  133  8:35  Mutalisk  
  133  8:36  Mutalisk x2  
  125  9:00  Zerg Flyer Weapons Level 2  
  125  9:01  Mutalisk x3  
  131  9:14  Hive  
  131  9:20  Queen  
  131  9:21  Overlord  
  131  9:22  Overlord x3  
  131  9:23  Overlord x5  
  131  9:24  Overlord x2  
  133  9:57  Mutalisk x11  
  153  10:17  Mutalisk x4  
  161  10:27  Mutalisk x2  
  153  10:45  Mutalisk  
  153  10:46  Mutalisk x3  
  161  10:51  Mutalisk  
  161  11:09  Mutalisk x4  
  169  11:16  Adrenal Glands  
  139  12:18  Mutalisk  
  139  12:19  Mutalisk x12  
  165  12:31  Zerg Flyer Weapons Level 3  
  165  12:40  Overlord  
  165  12:56  Hatchery  
  164  13:02  Extractor  
  163  13:06  Extractor  
  152  13:49  Mutalisk x12  
  152  13:50  Mutalisk x6  
  176  14:42  Drone  
  176  14:43  Drone x4  
  176  14:44  Drone  
  178  15:31  Zergling x2  
  178  15:32  Zergling x48  
  178  15:33  Zergling x2  
  198  15:59  Evolution Chamber  
  198  16:01  Evolution Chamber  
Show
View Real Time Build Order
Export as new Build Order

Throwfordays Protoss - Winner!

Build Orders: 1 Gate Expand, Carriers 

Get SALT Encoding   

  12  0:00  Probe  
  13  0:13  Probe  
  14  0:21  Pylon  
  14  0:37  Probe  
  15  0:44  Gateway  
  15  0:48  Assimilator  
  15  0:49  Probe  
  16  1:03  Probe  
  17  1:20  Nexus  
  17  1:21  Probe  
  18  1:29  Probe  
  18  1:38  Probe  
  19  1:40  Cybernetics Core  
  20  1:49  Forge  
  20  2:00  Assimilator  
  20  2:04  Pylon  
  20  2:20  Probe  
  21  2:26  Photon Cannon  
  21  2:32  Probe x2  
  23  2:41  Stargate  
  23  2:44  Probe x2  
  25  2:54  Photon Cannon  
  24  3:08  Photon Cannon  
  24  3:16  Photon Cannon  
  24  3:22  Adept  
  26  3:30  Probe  
  27  3:42  Probe  
  27  3:44  Pylon  
  28  3:54  Probe  
  29  3:56  Pylon  
  29  4:00  Probe  
  29  4:06  Probe  
  29  4:09  Probe  
  32  4:18  Probe x2  
  32  4:19  Photon Cannon  
  34  4:26  Photon Cannon  
  34  4:30  Probe  
  34  4:31  Probe  
  36  4:34  Photon Cannon  
  36  4:41  Photon Cannon  
  36  4:43  Probe x2  
  38  4:50  Assimilator  
  38  4:52  Assimilator  
  38  4:56  Void Ray  
  42  5:01  Probe  
  42  5:04  Probe  
  44  5:13  Probe  
  45  5:16  Probe  
  46  5:23  Cybernetics Core  
  46  5:28  Twilight Council, Probe  
  47  5:29  Protoss Air Weapons Level 1  
  47  5:31  Fleet Beacon  
  47  6:01  Pylon  
  47  6:04  Pylon  
  47  6:05  Probe  
  47  6:11  Protoss Shields Level 1  
  48  6:12  Nexus  
  48  6:14  Pylon  
  48  6:17  Pylon, Probe  
  49  6:20  Assimilator  
  49  6:21  Protoss Air Armor Level 1  
  49  6:22  Stargate  
  49  6:24  Assimilator, Stargate  
  49  6:29  Probe  
  50  6:44  Carrier  
  56  6:50  Probe  
  56  6:53  Probe  
  58  7:02  Probe  
  58  7:05  Stargate, Probe  
  60  7:15  Probe  
  61  7:18  Probe  
  61  7:19  Protoss Air Weapons Level 2  
  61  7:20  Nexus  
  62  7:23  Assimilator  
  62  7:27  Assimilator  
  62  7:39  Carrier  
  68  7:44  Probe  
  68  7:50  Probe  
  70  7:56  Probe  
  71  8:01  Probe  
  71  8:02  Probe  
  71  8:03  Protoss Shields Level 2  
  73  8:08  Probe  
  74  8:13  Probe  
  74  8:14  Pylon, Probe  
  76  8:20  Probe  
  76  8:24  Protoss Air Armor Level 2  
  76  8:26  Probe x2  
  79  8:33  Probe  
  80  8:36  Pylon  
  80  8:38  Pylon, Probe x2  
  80  8:40  Pylon  
  82  8:42  Pylon  
  82  8:44  Pylon  
  82  8:45  Probe  
  82  8:46  Pylon  
  82  8:47  Pylon  
  83  8:50  Probe  
  83  8:52  Pylon  
  84  8:56  Carrier  
  84  9:02  Probe  
  91  9:05  Probe  
  92  9:10  Probe  
  92  9:14  Probe  
  95  9:17  Probe  
  95  9:18  Probe  
  95  9:22  Probe  
  97  9:25  Carrier  
  97  9:26  Probe  
  97  9:29  Probe  
  97  9:30  Probe  
  106  9:34  Carrier, Probe  
  113  9:42  Probe  
  114  9:46  Carrier, Probe  
  121  9:53  Stargate  
  121  9:54  Probe  
  121  9:55  Stargate  
  121  9:58  Protoss Air Weapons Level 3, Pylon, Probe  
  121  9:59  Pylon  
  123  10:02  Carrier  
  123  10:07  Probe  
  130  10:21  Protoss Shields Level 3  
  130  10:33  Protoss Air Armor Level 3  
  130  10:34  Carrier  
  136  10:37  Carrier  
  136  10:38  Carrier  
  136  10:41  Carrier  
  154  11:17  Carrier  
  160  11:28  Carrier  
  166  11:42  Carrier  
  172  11:51  Carrier  
  178  11:57  Carrier  
  178  12:03  Carrier  
  190  12:15  Carrier  
Show
View Real Time Build Order
Export as new Build Order

Cthulhu Terran - Winner!

Build Orders:  

Get SALT Encoding   

  12  0:01  SCV  
  13  0:13  SCV  
  14  0:19  Supply Depot  
  14  0:25  SCV  
  15  0:41  SCV  
  15  0:42  Barracks  
  16  0:49  Refinery  
  16  0:53  SCV  
  17  1:13  Barracks  
  17  1:33  Supply Depot  
  17  1:36  Barracks Tech Lab  
  17  1:38  Orbital Command  
  17  2:06  SCV  
  18  2:16  Marine  
  18  2:17  Marine  
  20  2:25  Stimpack  
  20  2:30  SCV  
  20  2:31  Command Center  
  21  2:46  Marine, Marauder  
  21  2:47  SCV  
  25  3:02  Factory  
  25  3:03  Engineering Bay  
  25  3:05  SCV  
  26  3:06  Marine  
  26  3:08  Marine  
  28  3:17  SCV  
  29  3:29  Marauder  
  29  3:32  Supply Depot  
  31  3:41  Refinery  
  31  3:42  Marine  
  31  3:43  SCV  
  33  3:58  Marine  
  33  4:00  Marine  
  35  4:12  Command Center  
  35  4:13  Orbital Command  
  35  4:18  SCV  
  36  4:30  SCV  
  37  4:32  Marine, Marauder  
  37  4:36  Widow Mine  
  42  4:41  SCV  
  43  4:47  Starport  
  43  4:50  SCV  
  44  4:59  SCV  
  45  5:00  Marine x2  
  45  5:02  SCV  
  48  5:11  SCV  
  50  5:14  SCV, Factory Reactor  
  50  5:18  Factory Reactor  
  50  5:20  Combat Shield  
  50  5:23  Marine  
  50  5:24  Marauder  
  53  5:29  SCV  
  53  5:30  SCV  
  53  5:32  Orbital Command  
  55  5:37  Medivac  
  57  6:02  SCV  
  57  6:03  SCV x2  
  60  6:04  Marine, Marauder  
  63  6:20  SCV  
  63  6:21  SCV x2  
  63  6:22  Widow Mine  
  68  6:29  Supply Depot  
  68  6:30  Viking, Medivac  
  72  6:37  SCV x3  
  72  6:38  Marauder  
  72  6:39  Concussive Shells  
  77  6:45  Factory Reactor, Starport  
  77  6:50  Marine  
  78  6:55  Supply Depot  
  78  6:57  Missile Turret  
  78  6:58  Missile Turret  
  78  7:00  Refinery  
  78  7:01  Refinery  
  78  7:04  Refinery x2, SCV x3  
  78  7:05  Medivac  
  83  7:15  Marauder  
  85  7:16  Marine  
  85  7:19  Supply Depot x2  
  86  7:34  Factory Tech Lab  
  86  7:35  Marine  
  86  7:36  Marauder  
  89  7:37  Terran Infantry Weapons Level 1  
  89  8:01  Viking x3  
  89  8:04  Widow Mine  
  89  8:05  Marine x2, SCV x3  
  100  8:12  Barracks x2  
  102  8:14  Barracks  
  102  8:17  SCV  
  74  8:54  SCV x3  
  74  8:58  Barracks Reactor  
  74  9:01  Barracks Reactor x2  
  74  9:02  Barracks Reactor  
  74  9:04  Marine  
  74  9:08  Siege Tank  
  78  9:52  Marine x9  
  85  9:56  Sensor Tower  
  85  9:58  Missile Turret  
  87  10:00  Missile Turret x2  
  87  10:01  Armory  
  87  10:02  Engineering Bay  
  87  10:04  Missile Turret x2  
  89  10:09  Marine  
  89  10:10  Marine x2  
  89  10:11  Medivac x3  
  89  10:12  Medivac  
  89  10:13  Marine x3  
  89  10:14  Marine x3  
  86  10:44  Orbital Command  
  86  10:45  Engineering Bay  
  86  10:47  Engineering Bay  
  79  11:23  Refinery  
  73  12:14  Terran Vehicle And Ship Armor Level 1, Terran Infantry Weapons Level 2  
  73  12:15  Terran Infantry Armor Level 1  
  65  12:16  Marine  
  65  12:19  Marine, Supply Depot  
  65  12:20  Marine, Supply Depot  
  65  12:21  Marine, Supply Depot  
  65  12:22  Marine  
  61  12:23  Marine  
  61  12:24  Marine, Supply Depot  
  61  12:25  Marine  
  54  12:34  SCV x2  
  51  12:38  Marine  
  51  12:39  Marine x4  
  51  12:40  Marine  
  51  12:41  Medivac x2, Starport Reactor  
  61  12:44  Supply Depot  
  61  12:45  Supply Depot  
  61  12:53  Supply Depot  
  61  12:55  Marine, Supply Depot  
  61  12:56  Marine x3  
  61  12:57  Marine x2  
  67  13:09  Supply Depot  
  67  13:11  Marine  
  67  13:12  Marine  
  69  13:20  Marine x3  
  69  13:21  Marine x4  
  69  13:23  Medivac x2  
  80  13:29  Marine x2  
  82  13:38  Marine x3  
  85  14:08  Marine x2, SCV  
  85  14:09  Marine x2  
  90  14:10  Viking x2, Medivac x2  
  98  14:40  Medivac  
  100  15:57  Marine  
  100  15:58  Marine x8  
  100  16:04  Medivac  
  125  16:15  Marine  
  125  16:16  Marine x8  
Show
View Real Time Build Order
Export as new Build Order

DARKOS Terran 

Build Orders: Reaper Expand 

Get SALT Encoding   

  12  0:03  SCV  
  13  0:17  Supply Depot  
  13  0:19  SCV  
  14  0:31  SCV  
  15  0:41  Refinery  
  15  0:43  SCV  
  16  0:55  SCV, Barracks  
  17  1:10  SCV  
  18  1:38  Command Center  
  18  1:42  Orbital Command  
  18  1:44  Reaper  
  19  2:02  Supply Depot  
  19  2:08  SCV  
  20  2:20  SCV  
  20  2:22  Refinery  
  21  2:24  Marine  
  22  2:32  SCV  
  23  2:42  Marine  
  24  2:44  SCV  
  24  3:29  Marine  
  25  3:34  Supply Depot  
  25  3:39  Orbital Command  
  25  3:42  Refinery  
  25  3:46  SCV  
  25  3:47  Marine  
  27  3:58  SCV, Factory  
  28  4:05  Marine  
  29  4:10  SCV  
  30  4:22  Marine, SCV  
  32  4:35  SCV  
  33  4:40  Marine  
  33  4:41  Factory  
  34  4:49  Factory Tech Lab  
  34  4:51  SCV  
  35  4:58  Marine  
  36  5:03  SCV  
  37  5:11  Refinery, SCV  
  38  5:15  SCV  
  38  5:16  Marine  
  40  5:23  SCV  
  40  5:27  SCV, Engineering Bay  
  42  5:34  Marine  
  42  5:35  SCV  
  44  5:36  Factory Tech Lab  
  44  5:38  Siege Tank  
  47  5:44  Starport  
  47  5:47  SCV  
  48  5:51  Marine  
  49  5:59  SCV  
  50  6:09  Marine  
  50  6:10  Siege Tank, Terran Infantry Weapons Level 1  
  54  6:20  Supply Depot  
  54  6:21  Supply Depot x2  
  54  6:22  Supply Depot, Starport  
  54  6:32  Marine, SCV x2  
  57  6:43  Starport Reactor  
  57  6:44  SCV x2  
  59  6:56  SCV  
  60  7:02  Missile Turret  
  60  7:22  Missile Turret x2  
  60  7:30  Widow Mine  
  60  7:31  Widow Mine  
  60  7:33  Marine  
  65  7:39  Starport Tech Lab  
  65  7:42  Missile Turret  
  65  7:43  Missile Turret  
  65  7:51  Marine  
  65  7:52  Widow Mine x2  
  65  7:53  Ghost Academy  
  70  8:03  Missile Turret  
  70  8:04  Neosteel Armor  
  70  8:05  Missile Turret  
  70  8:06  Viking x3  
  70  8:09  Marine  
  77  8:13  Widow Mine  
  79  8:25  Missile Turret  
  79  8:26  Missile Turret  
  79  8:27  Marine  
  79  8:36  Viking x3  
  78  8:45  Marine  
  68  9:05  SCV  
  68  9:06  Viking x2  
  73  9:16  Personal Cloaking  
  73  9:17  SCV  
  73  9:22  Barracks Tech Lab  
  74  9:29  SCV, Widow Mine x2  
  79  9:36  Medivac x2  
  83  9:38  Medivac  
  83  9:41  SCV  
  83  9:44  Hi-Sec Auto Tracking  
  86  9:50  Widow Mine x2  
  86  9:52  Cloaking Field  
  90  9:53  SCV  
  91  10:06  Viking  
  93  10:11  Viking x2  
  93  10:12  Widow Mine x2  
  87  10:34  Widow Mine x2  
  91  10:36  Viking  
  91  10:41  Terran Infantry Armor Level 1  
  91  10:42  Nuke  
  93  10:46  Starport  
  93  11:00  Viking x2  
  97  11:06  Viking  
  99  11:11  Rapid Reignition System  
  99  11:28  Armory  
  99  11:30  Viking x2  
  103  11:35  Armory  
  103  11:36  Viking  
  105  11:46  Viking  
  107  12:00  Medivac x2  
  111  12:05  Viking  
  115  12:28  Starport Tech Lab  
  113  12:30  Viking  
  113  12:31  Terran Vehicle Weapons Level 1  
  113  12:35  Terran Vehicle And Ship Armor Level 1  
  115  12:42  Ghost  
  117  12:52  Supply Depot  
  117  12:55  Supply Depot  
  117  12:59  Supply Depot  
  117  13:10  Ghost  
  119  13:19  Command Center  
  119  13:20  Supply Depot  
  119  13:22  Sensor Tower, Supply Depot  
  119  13:35  Fusion Core  
  119  13:39  Ghost  
  117  14:05  Missile Turret  
  117  14:06  Missile Turret  
  117  14:07  Missile Turret  
  117  14:09  Missile Turret  
  110  14:10  Missile Turret  
Show
View Real Time Build Order
Export as new Build Order

kevkanpai Protoss 

Build Orders:  

Get SALT Encoding   

  12  0:13  Probe  
  13  0:25  Probe  
  14  0:30  Pylon  
  14  0:35  Probe  
  15  0:44  Probe  
  16  0:50  Gateway  
  16  0:54  Probe  
  17  1:04  Assimilator  
  17  1:06  Assimilator, Probe  
  18  1:18  Probe  
  19  1:38  Cybernetics Core  
  19  1:52  Pylon, Probe  
  20  2:04  Probe  
  21  2:16  Probe  
  21  2:17  Warp Gate  
  21  2:20  Robotics Facility  
  22  2:25  Pylon  
  22  2:28  Probe  
  23  2:34  Gateway  
  23  2:35  Stalker  
  25  2:41  Probe  
  26  2:58  Immortal  
  30  3:16  Stalker  
  32  3:23  Stalker  
  34  3:46  Stalker  
  39  4:16  Stalker  
  33  4:56  Nexus  
  31  5:33  Immortal  
  31  5:39  Pylon  
  31  5:45  Pylon  
  31  5:56  Pylon  
  31  5:58  Pylon  
  31  6:12  Immortal  
  31  6:13  Shield Battery  
  35  6:20  Stalker  
  35  6:21  Stalker  
  39  6:27  Probe  
  40  6:35  Probe  
  40  6:37  Assimilator  
  41  6:44  Probe  
  41  6:47  Stalker  
  41  6:48  Stalker  
  46  6:56  Probe  
  47  7:04  Probe  
  49  7:08  Probe  
  49  7:12  Probe  
  49  7:16  Stalker  
  49  7:20  Probe  
  49  7:21  Probe  
  49  7:22  Stalker  
  55  7:27  Assimilator  
  56  7:32  Probe  
  56  7:33  Probe  
  58  7:38  Warp Prism  
  60  7:45  Probe x2  
  62  7:53  Probe  
  62  7:54  Stargate  
  63  7:59  Stargate  
  63  8:00  Stargate  
  63  8:03  Probe  
  64  8:15  Probe  
  60  8:27  Probe  
  61  8:39  Probe  
  62  8:51  Probe  
  63  9:03  Phoenix x2  
  63  9:04  Phoenix  
  69  9:11  Nexus  
  69  9:17  Observer  
  70  9:27  Pylon  
  70  9:46  Twilight Council  
  61  10:14  Phoenix x3  
  67  10:23  Pylon  
  67  10:30  Probe  
  68  10:39  Phoenix x3  
  68  10:42  Probe  
  75  10:54  Probe  
  76  11:04  Phoenix x3  
  72  11:06  Probe  
  76  11:20  Observer  
  77  11:29  Phoenix x3  
  83  11:45  Fleet Beacon  
  73  12:45  Stalker x2  
  77  12:54  Phoenix x3  
  83  13:03  Pylon  
  83  13:04  Pylon  
  83  13:09  Pylon x2  
  83  13:10  Anion Pulse-Crystals  
  83  13:11  Pylon  
  83  13:18  Phoenix  
  85  13:21  Phoenix x2  
  91  13:43  Phoenix  
  91  13:46  Phoenix x2  
  81  14:08  Phoenix  
  75  14:11  Phoenix  
  71  14:19  Phoenix  
  53  14:33  Phoenix  
  53  14:36  Phoenix  
Show
View Real Time Build Order
Export as new Build Order

Matador Zerg 

Build Orders: Hatch First, Brood Lord Corruptor 

Get SALT Encoding   

  12  0:03  Drone  
  13  0:14  Overlord  
  13  0:18  Drone  
  14  0:34  Drone x2  
  16  0:38  Drone  
  17  0:56  Hatchery  
  16  0:58  Drone  
  16  1:03  Drone  
  18  1:10  Drone  
  19  1:15  Extractor  
  18  1:20  Spawning Pool  
  17  1:30  Drone  
  17  1:31  Drone  
  19  1:42  Drone  
  20  1:53  Overlord  
  20  2:05  Drone  
  21  2:12  Queen x2, Drone  
  21  2:13  Drone  
  27  2:21  Drone  
  28  2:25  Drone  
  29  2:30  Drone  
  29  2:36  Drone  
  31  2:41  Hatchery  
  30  2:45  Drone  
  30  2:47  Overlord  
  31  2:51  Drone  
  32  2:59  Drone  
  33  3:15  Drone x3  
  36  3:22  Drone x2  
  36  3:23  Drone x5  
  43  3:28  Overlord  
  43  3:31  Overlord  
  43  3:42  Drone  
  43  3:46  Queen x2  
  48  3:48  Drone  
  48  3:53  Queen  
  51  3:56  Drone x7  
  51  3:59  Drone  
  59  4:21  Extractor  
  59  4:22  Extractor  
  57  4:24  Extractor  
  57  4:25  Extractor  
  57  4:28  Extractor  
  54  4:36  Drone x3  
  54  4:38  Drone x3  
  60  4:39  Drone x3  
  60  4:40  Drone x3  
  60  4:43  Overlord x2  
  60  4:44  Overlord  
  66  5:00  Lair  
  66  5:13  Roach Warren  
  65  5:16  Drone x3, Baneling Nest  
  65  5:18  Drone  
  65  5:19  Drone  
  65  5:20  Drone x4  
  73  5:22  Drone x3  
  76  5:30  Extractor  
  76  5:31  Hatchery  
  76  5:35  Extractor  
  73  6:19  Hydralisk Den  
  73  6:22  Spire  
  73  6:23  Drone x7  
  73  6:24  Drone, Infestation Pit  
  78  6:28  Evolution Chamber  
  78  6:30  Drone x3, Evolution Chamber  
  78  6:31  Drone x3  
  78  6:32  Evolution Chamber  
  81  6:39  Spore Crawler  
  80  6:51  Overlord x3  
  80  6:52  Overlord x5  
  80  7:04  Zerg Melee Weapons Level 1, Zerg Ground Armor Level 1, Zerg Missile Weapons Level 1  
  80  7:06  Hive  
  80  7:19  Glial Reconstitution, Grooved Spines  
  80  7:20  Metabolic Boost  
  80  7:34  Corruptor  
  80  7:35  Corruptor x13  
  104  8:08  Queen x3  
  106  8:18  Greater Spire  
  104  8:30  Muscular Augments  
  103  8:36  Corruptor x5  
  103  8:37  Corruptor x6  
  124  9:12  Spire  
  123  9:24  Drone x9  
  127  9:25  Overlord x5  
  127  9:26  Overlord x7  
  127  9:27  Overlord x2  
  132  9:37  Brood Lord x2  
  136  9:44  Brood Lord x6  
  148  10:09  Corruptor x5  
  158  10:18  Brood Lord  
  160  10:33  Corruptor  
  160  10:34  Corruptor x3  
  138  10:52  Corruptor x4  
  114  11:09  Spore Crawler  
  114  11:10  Spore Crawler  
  110  11:11  Spore Crawler x2  
  110  11:12  Spore Crawler x2  
  110  11:13  Spore Crawler x2  
  110  11:15  Spore Crawler  
  110  11:16  Spore Crawler x2  
  101  11:22  Corruptor x3  
  101  11:23  Corruptor  
  107  11:30  Corruptor  
  78  12:29  Lair  
  78  12:30  Lair  
  78  12:36  Hatchery  
  57  13:28  Spire  
  57  13:30  Spire  
  49  13:45  Hydralisk x3  
  49  13:46  Hydralisk x5  
  49  13:48  Infestor x8  
  66  13:49  Infestor x2  
  83  14:09  Drone x6  
  90  14:10  Drone x2  
  90  14:11  Drone x2  
  90  14:12  Drone x4  
  97  14:19  Pathogen Glands  
  97  14:22  Hydralisk  
  99  15:08  Hatchery  
  99  15:09  Spore Crawler  
  99  15:10  Spore Crawler  
  99  15:11  Spore Crawler  
  99  15:12  Spore Crawler  
  99  15:13  Spore Crawler  
Tags
 
Add a new tag
Caveats
  • Supply blocks, unpowered buildings, or Contaminate may cause inaccurate times.
  • Supply counts are checked every 10 seconds.